 Dungeon Crawl Stone Soup version 0.31-a0-217-g58bb5d79cf (webtiles) character file.

Game seed: 10964683068010222692

479 qw the Chopper (level 7, -3/43 HPs)
             Began as a Gargoyle Fighter on July 2, 2023.
             Killed from afar by a shock serpent (glowing shapeshifter) (7 damage)
             ... with a bolt of electricity
             ... on level 5 of the Dungeon.
             The game lasted 00:01:45 (3733 turns).

qw the Chopper (Gargoyle Fighter)                   Turns: 3733, Time: 00:01:46

Health: -3/43      AC: 13    Str: 21    XL:     7   Next: 11%
Magic:  1/7        EV:  8    Int:  9    God:
Gold:   209        SH:  4    Dex:  9    Spells: 6/6 levels left

rFire   . . .        Y - +0 war axe (chaos)
rCold   . . .        c - +0 buckler
rNeg    + . .        e - +0 chain mail
rPois   inf          (no helmet)
rElec   +            (no cloak)
rCorr   .            (no gloves)
SInv    .            (no boots)
Will    .....        (no amulet) Stlth
                     (no ring)
HPRegen 0.27/turn    (no ring)
MPRegen 0.10/turn

%: no passive effects
@: no status effects
A: sickness immunity, AC +4, negative energy resistance 1, electricity
resistance, torment resistance 1, petrification resistance
a: no special abilities


You were on level 5 of the Dungeon.
You visited 1 branch of the dungeon, and saw 5 of its levels.

You collected 248 gold pieces.
You spent 39 gold pieces at shops.


Innate Abilities, Weirdness & Mutations

You are immune to sickness and miasma.
Your stone body is resilient. (AC +4)
You are immune to poison.
You resist negative energy. (rN+)
You are resistant to electric shocks. (rElec)
You are resistant to unholy torment.
You are immune to petrification.


   Skills:
 - Level 4.0 Fighting
 + Level 6.3 Axes
 - Level 3.2 Armour
 - Level 1.2 Dodging
 - Level 3.2 Shields


You had 6 spell levels left.
You didn't know any spells.
Your spell library was empty.

Inventory:

Hand Weapons
 j - a +0 mace
 m - a +0 hand axe
 Y - a +0 war axe of chaos (weapon)
Armour
 a - a +0 helmet
 c - a +0 buckler (worn)
 e - a +0 chain mail (worn)
Jewellery
 g - a ring of willpower
Scrolls
 b - a scroll of identify
Potions
 d - a potion of might
 f - a potion of mutation
 h - 2 potions of curing {unknown}
 k - a potion of attraction {unknown}
 l - a potion of cancellation {unknown}

Dungeon Overview and Level Annotations

Branches:
Dungeon (5/15)
 Temple: D:4-7

Altars:
Hepliaklqana
Kikubaaqudgha
Yredelemnul

Shops:
D:2 (

Annotations:
D:3 1 runed translucent door


Message History

You closely miss the mana viper. The mana viper bites you!
You feel your power leaking away.
You miss the mana viper.
The mana viper bites you but does no damage.
The mana viper bites you.
You feel your power leaking away.
You closely miss the mana viper.
The mana viper bites you but does no damage.
The mana viper closely misses you.
You barely miss the mana viper. The mana viper closely misses you.
The mana viper bites you.
You closely miss the mana viper.
The mana viper changes into a sea snake!
You miss the sea snake. The sea snake closely misses you.
You closely miss the sea snake. The sea snake bites you!
You slash the sea snake!
The sea snake easily resists.
The sea snake is lightly wounded.
The sea snake bites you. You block the sea snake's attack.
You closely miss the sea snake.
The sea snake is lightly wounded.
The sea snake bites you but does no damage.
You slash the sea snake!
The sea snake is moderately wounded.
The sea snake changes into a shock serpent!
You barely miss the shock serpent. The shock serpent misses you.
You block the shock serpent's attack.
You hit the shock serpent. You freeze the shock serpent.
The shock serpent is lightly wounded.
The shock serpent shoots out a bolt of lightning at you!
The bolt of electricity hits you! You resist.
You hit the shock serpent.
The shock serpent is moving more slowly.
The shock serpent is lightly wounded.
The shock serpent bites you. The shock serpent shocks you. You resist.
The shock serpent shoots out a bolt of lightning at you!
The bolt of electricity hits you! You resist.
You die...

....~~~....#.......#
....~~~~..##.......##
#...~~~...##........#
#...~~~~~..#........##
#........~.#.........###
##.}...[._.#............
....##....#............
..########............
...........@S....#
####...........###
##.......##.# #########
#


You could see a shock serpent shaped shifter (petrifying).

Vanquished Creatures
  Sigmund (D:5)
  A hound (D:4)
  An orc priest (D:4)
  A jelly (D:5)
  3 orc wizards (D:5)
  6 adders
  A shadow imp (D:5)
  3 worms
  6 orcs
  7 ball pythons
  5 bats
  6 endoplasms
  3 giant cockroaches
  4 goblins
  3 hobgoblins
  10 jackals
  5 frilled lizards
  7 kobolds
  6 rats
79 creatures vanquished.

Notes
Turn   | Place    | Note
-------+----------+-------------------------------------------
     0 | D:1      | qw the Gargoyle Fighter began the quest for the Orb.
     0 | D:1      | Reached XP level 1. HP: 14/14 MP: 1/1
     0 | D:1      | 0 ||| qw: Version: 0.3-a-40-ge99b1a8
     0 | D:1      | 0 ||| qw: Game counter: 8032
     0 | D:1      | 0 ||| qw: Melee chars always use a shield: true
     0 | D:1      | 0 ||| qw: God list: Okawaru
     0 | D:1      | 0 ||| qw: Allow faded altars: false
     0 | D:1      | 0 ||| qw: Do Orc after clearing Dungeon:15 true
     0 | D:1      | 0 ||| qw: Do second Lair branch before Depths: true
     0 | D:1      | 0 ||| qw: Lair rune preference: random
     0 | D:1      | 0 ||| qw: Goals: Normal, Zot:1-4, Slime:5, God:TSO, Crypt,
                  | Tomb, Abyss, Pan, Hells, Win
     0 | D:1      | 0 ||| PLANNING D:1-11
    38 | D:1      | Reached skill level 2 in Axes
    52 | D:1      | 52 ||| Stepping ~*~*~tactically~*~*~ (stealth).
   119 | D:1      | 119 ||| Stepping ~*~*~tactically~*~*~ (hiding).
   121 | D:1      | 121 ||| Stepping ~*~*~tactically~*~*~ (hiding).
   122 | D:1      | 122 ||| Stepping ~*~*~tactically~*~*~ (hiding).
   123 | D:1      | 123 ||| Stepping ~*~*~tactically~*~*~ (hiding).
   124 | D:1      | 124 ||| Stepping ~*~*~tactically~*~*~ (hiding).
   125 | D:1      | 125 ||| Stepping ~*~*~tactically~*~*~ (hiding).
   136 | D:1      | Reached XP level 2. HP: 19/19 MP: 2/2
   289 | D:1      | Found a faded altar of an unknown god.
   823 | D:1      | Reached skill level 3 in Axes
   864 | D:1      | Reached XP level 3. HP: 23/23 MP: 3/3
   918 | D:1      | 918 ||| READING scroll labelled YNWISO ZAYGY.
  1119 | D:2      | 1119 ||| FLEEEEING.
  1141 | D:2      | 1141 ||| Stepping ~*~*~tactically~*~*~ (stealth).
  1143 | D:2      | 1143 ||| Stepping ~*~*~tactically~*~*~ (stealth).
  1148 | D:2      | 1148 ||| Stepping ~*~*~tactically~*~*~ (stealth).
  1186 | D:2      | 1186 ||| Stepping ~*~*~tactically~*~*~ (stealth).
  1261 | D:2      | Found a hazy altar of Hepliaklqana.
  1270 | D:2      | Reached XP level 4. HP: 28/28 MP: 4/4
  1329 | D:2      | Found Etaotub's Weapon Emporium.
  1350 | D:2      | 1350 ||| BUYING +0 mace (39 gold).
  1350 | D:2      | Bought a +0 mace for 39 gold pieces
  1350 | D:2      | 1350 ||| SHOPLISTING +2 heavy mace (226 gold, have 49).
  1350 | D:2      | 1350 ||| SHOPLISTING +6 vampiric broad axe (572 gold, have
                  | 49).
  1350 | D:2      | 1350 ||| DROPPING +0 club.
  1373 | D:2      | Identified the +7 sling "Eviscerator" {drain, rF+ rC- SInv}
  1501 | D:2      | Reached skill level 4 in Axes
  1579 | D:2      | 1579 ||| Stepping ~*~*~tactically~*~*~ (stealth).
  1642 | D:2      | 1642 ||| Stepping ~*~*~tactically~*~*~ (hiding).
  1643 | D:2      | 1643 ||| Stepping ~*~*~tactically~*~*~ (hiding).
  1737 | D:2      | 1737 ||| UPGRADING to +0 chain mail.
  1747 | D:2      | 1747 ||| DROPPING +0 scale mail.
  1748 | D:2      | 1748 ||| READING scroll labelled QOTUKEATOC.
  1749 | D:2      | 1749 ||| READING scroll labelled YCLEMU IFAN.
  1750 | D:2      | 1750 ||| READING scroll labelled ROHAOR MIYXYISM.
  1851 | D:2      | 1851 ||| READING scroll labelled USUOCZETHRO.
  1852 | D:2      | 1852 ||| READING scroll labelled BAIPLE RECKU.
  1901 | D:3      | Found a runed translucent door.
  1901 | D:3      | Noticed a human
  1921 | D:3      | Found a basalt altar of Yredelemnul.
  1927 | D:3      | 1927 ||| Stepping ~*~*~tactically~*~*~ (stealth).
  2467 | D:3      | 2467 ||| READING scroll labelled HOF KYICKOPAH.
  2468 | D:3      | 2468 ||| READING scroll labelled ESIMADUEZEEC.
  2674 | D:4      | Reached XP level 5. HP: 28/32 MP: 5/5
  2810 | D:4      | 2810 ||| Stepping ~*~*~tactically~*~*~ (stealth).
  2815 | D:4      | 2815 ||| Stepping ~*~*~tactically~*~*~ (stealth).
  2830 | D:4      | Reached skill level 5 in Axes
  3229 | D:4      | 3229 ||| READING scroll labelled ULIKHETI QUO.
  3234 | D:4      | 3234 ||| READING scroll labelled EPEDUH VOMOCA.
  3235 | D:4      | 3235 ||| READING scroll labelled GICSONNEKE.
  3236 | D:4      | 3236 ||| DRINKING 2 silvery potions.
  3341 | D:4      | 3341 ||| READING 2 scrolls of identify.
  3341 | D:4      | 3341 ||| IDENTIFYING green potion
  3342 | D:4      | 3342 ||| DROPPING potion of berserk rage.
  3363 | D:5      | Entered Level 5 of the Dungeon
  3386 | D:5      | 3386 ||| FLEEEEING.
  3387 | D:5      | 3387 ||| FLEEEEING.
  3388 | D:5      | 3388 ||| FLEEEEING.
  3390 | D:5      | 3390 ||| FLEEEEING.
  3391 | D:5      | 3391 ||| FLEEEEING.
  3397 | D:5      | Reached XP level 6. HP: 36/38 MP: 6/6
  3451 | D:5      | Noticed Sigmund
  3452 | D:5      | 3452 ||| Stepping ~*~*~tactically~*~*~ (hiding).
  3476 | D:5      | HP: 9/38 [something (8)]
  3481 | D:5      | HP: 9/38 [something (2)]
  3482 | D:5      | Killed Sigmund
  3483 | D:5      | Reached skill level 6 in Axes
  3627 | D:5      | 3627 ||| Stepping ~*~*~tactically~*~*~ (hiding).
  3636 | D:5      | Reached skill level 1 in Dodging
  3636 | D:5      | Reached XP level 7. HP: 43/43 MP: 7/7
  3690 | D:5      | Found an ancient bone altar of Kikubaaqudgha.
  3720 | D:5      | an iguana changed into a glowing shapeshifter
  3720 | D:5      | Noticed a glowing shapeshifter (glowing shapeshifter)
  3720 | D:5      | a glowing shapeshifter changed into a mana viper
  3720 | D:5      | Noticed a mana viper (glowing shapeshifter)
  3725 | D:5      | a mana viper changed into a sea snake
  3725 | D:5      | Noticed a sea snake (glowing shapeshifter)
  3730 | D:5      | a sea snake changed into a shock serpent
  3730 | D:5      | Noticed a shock serpent (glowing shapeshifter)
  3732 | D:5      | HP: 9/43 [shock serpent (glowing shapeshifter)/bolt of
                  | electricity (9)]
  3733 | D:5      | HP: 4/43 [shock serpent (glowing shapeshifter) (3)]
  3733 | D:5      | Killed from afar by a shock serpent (glowing shapeshifter)

Levels and vault maps discovered:
D:1:      minmay_arrival_plants_in_alcoves, layout_basic,
          shapermc_ecumenical_altar_petra
D:2:      layout_loops_cross, serial_shops, shop, basic_altar, st_stairs_1
D:3:      layout_basic, dk_yredelemnul_ordeal
D:4:      layout_basic
D:5:      layout_cave_pods, kiku_gazebo_pond_becter,
          minmay_temple_entry_mini_moons, serial_glass, glass_columns_c,
          glass_columns_a, uniq_sigmund, uniq_pikel, uniq_crazy_yiuf_cottage

Skill      XL: |  1  2  3  4  5  6 |
---------------+-------------------+-----
Axes           | 2 3 4 5 6 |  6.3
Fighting       | 4 |  4.0
Dodging        | 1 |  1.2
Armour         | |  3.2
Shields        | |  3.2

Action                     |  1- 3 |  4- 6 |  7- 9 || total
---------------------------+-------+-------+-------++-------
  Melee: War axe           |   119 |   132 |    19 ||   270
    Use: Scroll            |     1 |    11 |       ||    12
         Potion            |       |     1 |       ||     1
 Armour: Scale mail        |    63 |    12 |       ||    75
         Chain mail        |       |    77 |     5 ||    82
  Dodge: Dodged            |    58 |    59 |     8 ||   125
  Block: Buckler           |    26 |    25 |     4 ||    55

Table legend:
 A = Non-vault XP
 B = Vault XP
 C = Vault XP percentage of total XP
 D = Non-vault monster count
 E = Vault monster count
 F = Vault count percentage of total count
                 A         B        C        D         E       F
            +---------+---------+-------+---------+---------+-------
      Total |     427 |     258 |  37.7 |      76 |       3 |   3.8
            +---------+---------+-------+---------+---------+-------
        D:1 |      38 |       0 |   0.0 |      23 |       0 |   0.0
        D:2 |      53 |      19 |  26.4 |      17 |       2 |  10.5
        D:3 |      43 |       0 |   0.0 |      17 |       0 |   0.0
        D:4 |     105 |       0 |   0.0 |      11 |       0 |   0.0
        D:5 |     188 |     239 |  56.0 |       8 |       1 |  11.1
            +---------+---------+-------+---------+---------+-------
